 Dungeon Crawl Stone Soup version 0.30-a0-920-g7493c07aab (webtiles) character file.

Game seed: 5594004592874129425

403 jimonade the Magician (level 7, -3/45 HPs)
             Began as a Djinni Fire Elementalist on Mar 21, 2023.
             Slain by an orc
             ... wielding a +0 whip
              (5 damage)
             ... on level 4 of the Dungeon.
             The game lasted 00:06:38 (2236 turns).

jimonade the Magician (Djinni Fire Elementalist)    Turns: 2236, Time: 00:06:39

Health: -3/45      AC:  4    Str:  9    XL:     7   Next: 11%
Gold:   93         EV: 12    Int: 17    God:
                   SH:  0    Dex: 13

rFire   + + .      SeeInvis .    j - +1 dagger (speed)
rCold   x . .      Faith    .    (no shield)
rNeg    . . .      Spirit   .    a - +0 robe
rPois   ∞          Reflect  .    (no helmet)
rElec   .          Rampage  .    (no cloak)
rCorr   .                        e - +1 pair of gloves
Will    .....                    (boots unavailable)
Stlth   ++                       (no amulet)
HPRegen 0.27/turn                (no ring)
MPRegen 0.00/turn                (no ring)

@: flying
A: sickness immunity, fire resistance 2, cold vulnerability 1, float, innate
caster, HP casting, extra vitality 1
a: no special abilities


You were on level 4 of the Dungeon.
You visited 1 branch of the dungeon, and saw 4 of its levels.

You collected 93 gold pieces.

Inventory:

Hand Weapons
 j - a +1 dagger of speed (weapon)
 w - a +0 quarterstaff
Missiles
 i - 2 atropa-tipped darts
 D - 3 curare-tipped darts
Armour
 a - a +0 robe (worn)
 b - +0 ice dragon scales
 e - a +1 pair of gloves (worn)
 k - a +0 ring mail
 x - the +2 ring mail "Yssatusmuy" {rF- Slay+4}
   (You took it off a goblin on level 3 of the Dungeon)

   Slay:      It affects your accuracy & damage with ranged weapons and melee
   (+4).
   rF:        It makes you vulnerable to fire.
 y - a +0 kite shield
Wands
 m - a wand of paralysis (11)
 u - a wand of roots (5)
Scrolls
 d - 2 scrolls of enchant armour {unknown}
 g - a scroll of noise {unknown}
 l - 6 scrolls of identify {unknown}
 r - a scroll of blinking {unknown}
 s - 2 scrolls of teleportation {unknown}
 z - a scroll of silence {unknown}
 C - a scroll of vulnerability {unknown}
Potions
 c - 2 potions of might {unknown}
 f - 3 potions of attraction {unknown}
 h - 2 potions of curing {unknown}
 n - a potion of haste {unknown}
 o - a potion of flight {unknown}
 p - a potion of mutation {unknown}
 q - a potion of lignification {unknown}
 t - a potion of resistance {unknown}
 v - 2 potions of berserk rage {unknown}
 A - 2 potions of ambrosia {unknown}
 B - a potion of cancellation {unknown}


   Skills:
 - Level 2.1 Dodging
 - Level 1.5 Stealth
 + Level 5.8 Spellcasting


You knew the following spells:

 Your Spells              Type           Power      Damage    Failure   Level
a - Foxfire               Conj/Fire      96%        2x1d8     1%          1
b - Scorch                Fire           48%        2d7       1%          2
c - Kindle Blastsparks    Fire/Tloc/Air  48%        2d14      3%          3
d - Inner Flame           Hex/Fire       24%        N/A       3%          3
e - Flame Wave            Conj/Fire      24%        2d8       12%         4
f - Sting                 Tmut/Pois      96%        1d7       1%          1
g - Wereblood             Tmut           24%        N/A       1%          2
h - Momentum Strike       Conj/Tloc      48%        3d9       1%          2
Your spell library was empty.

Dungeon Overview and Level Annotations

Branches:
Dungeon (4/15)
 Temple: D:4-7

Altars:


Innate Abilities, Weirdness & Mutations

You are immune to sickness and miasma.
You are immune to poison.
Your flesh is very heat resistant. (rF++)
You are vulnerable to cold. (rC-)
You float through the air rather than walking.
You learn spells naturally, not from books.
Your magical power is your life essence.
You have superior vitality. (+4 MHP)


Message History

The phantom barely misses you.
Casting: Scorch (safe; 2% risk of failure)
Confirm with . or Enter, or press ? or * to list all spells.
Flames lash the endoplasm.
The endoplasm is severely wounded.
The endoplasm's fire resistance burns away.
* * * LOW HITPOINT WARNING * * *
The phantom hits you!
* * * LOW HITPOINT WARNING * * *
The phantom blinks!
You blink.
Casting: Scorch (safe; 2% risk of failure)
Confirm with . or Enter, or press ? or * to list all spells.
Okay, then.
The phantom attacks as you move away! The phantom closely misses you.
The orc attacks as you move away! The orc closely misses you.
Okay, then.
Okay, then.
Casting: Scorch (safe; 2% risk of failure)
Confirm with . or Enter, or press ? or * to list all spells.
Flames lash the phantom.
The phantom is burned terribly!
You destroy the phantom!
* * * LOW HITPOINT WARNING * * *
You have reached level 7!
The power to cast Momentum Strike wells up from within.
Spell assigned to 'h'.
You barely miss the orc.
The orc is severely wounded.
You hit the orc but do no damage.
The orc is severely wounded.
The orc hits you with a +0 whip.
* * * LOW HITPOINT WARNING * * *
You hit the orc but do no damage.
The orc is severely wounded.
The orc barely misses you.
You closely miss the orc.
The orc is severely wounded.
You hit the orc.
The orc is almost dead.
The orc hits you with a +0 whip.
You die...

..##.[#..##........#
..$##J....#.......##
....#.:.....[......##
....)................
#...)..........#...
#..#..##......#.... #
##J##.#.....###.
###..§#..........
#@#.###..........
##oJ# #..##......
###.##.## .##..#
#.#.# ## .## ##.# #
#..# ##.## ##.##
###.##


You could see an orc and an endoplasm.

Vanquished Creatures
  Sigmund (D:3)
  An ogre (D:4)
  A phantom (D:4)
  A hound (D:3)
  An adder (D:3)
  A worm (D:3)
  8 endoplasms
  4 giant cockroaches (D:1)
  11 goblins
  6 hobgoblins
  4 jackals (D:1)
  5 kobolds
  2 quokkas
  4 ball pythons
  3 frilled lizards (D:1)
  3 rats
56 creatures vanquished.

Vanquished Creatures (others)
  140 foxfires
140 creatures vanquished.

Grand Total: 196 creatures vanquished

Notes
Turn   | Place    | Note
-------+----------+-------------------------------------------
     0 | D:1      | jimonade the Djinni Fire Elementalist began the quest for
                  | the Orb.
     0 | D:1      | jimonade set off with the following spells memorised:
                  | Foxfire, Scorch, Kindle Blastsparks, Inner Flame, Flame
                  | Wave.
     0 | D:1      | Reached XP level 1. HP: 15/15 MP: 0/0
    78 | D:1      | Reached XP level 2. HP: 19/21 MP: 0/0
   244 | D:1      | Reached skill level 3 in Spellcasting
   309 | D:1      | Reached XP level 3. HP: 22/25 MP: 0/0
   309 | D:1      | Learned a level 1 spell: Sting
   752 | D:2      | Found a faded altar of an unknown god.
  1293 | D:3      | Reached XP level 4. HP: 26/31 MP: 0/0
  1357 | D:3      | Noticed Sigmund
  1361 | D:3      | Killed Sigmund
  1362 | D:3      | Reached skill level 5 in Spellcasting
  1362 | D:3      | Reached XP level 5. HP: 15/35 MP: 0/0
  1362 | D:3      | Learned a level 2 spell: Wereblood
  1362 | D:3      | Reached XP level 6. HP: 17/40 MP: 0/0
  1578 | D:3      | Identified the +2 ring mail "Yssatusmuy" {rF- Slay+4}
  2210 | D:4      | Noticed an ogre
  2215 | D:4      | Killed an ogre
  2232 | D:4      | Reached XP level 7. HP: 4/45 MP: 0/0
  2232 | D:4      | Learned a level 2 spell: Momentum Strike
  2233 | D:4      | HP: 1/45 [orc/+0 whip (3)]
  2236 | D:4      | Slain by an orc

Illustrated notes

Levels and vault maps discovered:
D:1:      mrwooster_arrival_statue, layout_rooms, minmay_pentomino_o2
D:2:      layout_basic, nicolae_ecumenical_pavilion
D:3:      layout_basic, mainiacjoe_overflow_alcove_1, serial_glass,
          glass_columns_b, glass_columns_b, uniq_sigmund
D:4:      layout_layer_cave, serial_shops, shop_statue, uniq_duvessa

Skill      XL: |  1  2  3  4 |
---------------+-------------+-----
Spellcasting   | 3 5 |  5.8
Dodging        | |  2.1
Stealth        | |  1.5

Action                     |  1- 3 |  4- 6 |  7- 9 || total
---------------------------+-------+-------+-------++-------
  Melee: Unarmed           |     5 |       |       ||     5
         Dagger            |     1 |     1 |     5 ||     7
   Cast: Foxfire           |    59 |    32 |       ||    91
         Scorch            |     2 |    21 |       ||    23
 Armour: Robe              |     3 |     2 |       ||     5
  Dodge: Dodged            |     5 |    13 |     1 ||    19

Table legend: (Time is in decaauts)
 A = Elapsed time spent in this place.
 B = Non-inter-level travel time spent in this place.
 C = Inter-level travel time spent in this place.
 D = Time resting spent in this place.
 E = Time spent auto-exploring this place.
 F = Levels seen in this place.
 G = Mean time per level.
                   A        B        C        D        E       F      G
               +--------+--------+--------+--------+--------+-----+--------+
         Total |   2232 |   2036 |    196 |     84 |   1368 |   4 |  558.0 |
       Dungeon |   2232 |   2036 |    196 |     84 |   1368 |   4 |  558.0 |
               +--------+--------+--------+--------+--------+-----+--------+

Top non-repeatable levels by time:
     D:3: 865 daAuts
     D:1: 751 daAuts
     D:2: 536 daAuts
     D:4: 79 daAuts
